General information
- name: BNet
- type: Ladder team game (AT/RT)
- host: Battle.net
- saver: BRADY-4TH-RING.
map: Deadlands
- players: 8
- length: 54:53
- speed: Fast
- version: 1.26 W3XP
- replay type: Public
» download(353 KB)
Players
team 1 (loser)
Jisus (
pink | 69 APM | 2532 actions | 36:29)
6 Archmage
3 Blizzard
2 Brilliance Aura
1 Mass Teleport
6 Blood Mage
3 Flame Strike
2 Siphon Mana
1 Summon Phoenix
» actions
| Basic commands | 5 | |
| Build / train | 84 | |
| Enter build submenu | 26 | |
| Enter hero's abilities submenu | 13 | |
| Give item / drop item | 1 | |
| Remove unit from queue | 2 | |
| Right click | 1614 | |
| Select / deselect | 680 | |
| Use ability | 107 | |
2532 total
» units
| Peasant | 29 | |
| Priest | 3 | |
| Sorceress | 7 | |
| Spell Breaker | 3 | |
42 total
» upgrades
| Masonry | 2 | |
| Lumber Harvesting | 1 | |
| Control Magic | 1 | |
| Sorceress Training | 2 | |
| Priest Training | 2 | |
| Magic Sentry | 1 | |
| Swords | 2 | |
| Plating | 1 | |
12 total
» buildings
| Altar of Kings | 1 | |
| Lumber Mill | 2 | |
| Scout Tower | 7 | |
| Farm | 9 | |
| Arcane Tower | 4 | |
| Arcane Vault | 1 | |
| Guard Tower | 1 | |
| Keep | 2 | |
| Blacksmith | 1 | |
| Arcane Sanctum | 3 | |
| Castle | 1 | |
| Town Hall | 3 | |
35 total
» build order
00:21 Altar of Kings
00:27 Lumber Mill
00:31 Scout Tower
00:36 Farm
01:00 Arcane Tower
01:39 Farm
01:43 Scout Tower
02:12 Arcane Vault
02:14 Arcane Tower
02:25 Scout Tower
02:55 Guard Tower
03:06 Keep
03:47 Blacksmith
04:08 Farm
05:18 Farm
05:33 Arcane Sanctum
05:37 Arcane Sanctum
05:41 Arcane Sanctum
05:42 Castle
06:07 Farm
07:06 Farm
07:12 Farm
10:36 Town Hall
10:38 Scout Tower
11:05 Arcane Tower
14:20 Farm
14:22 Farm
19:51 Town Hall
31:02 Town Hall
34:31 Scout Tower
34:41 Scout Tower
34:43 Scout Tower
35:11 Arcane Tower
35:17 Lumber Mill
» items
| Staff of Sanctuary | 1 | |
| Scroll of Town Portal | 5 | |
6 total
boringgame (
blue | 35 APM | 1936 actions | 54:51)
5 Goblin Tinker
3 Pocket Factory
2 Engineering Upgrade
» actions
| Assign group hotkey | 30 | |
| Basic commands | 25 | |
| Build / train | 124 | |
| Enter build submenu | 30 | |
| Enter hero's abilities submenu | 5 | |
| Give item / drop item | 1 | |
| Remove unit from queue | 3 | |
| Right click | 1049 | |
| Select / deselect | 457 | |
| Select group hotkey | 107 | |
| Use ability | 105 | |
1936 total
» units
| Peasant | 22 | |
| Mortar Team | 5 | |
| Flying Machine | 35 | |
62 total
» upgrades
| Masonry | 1 | |
| Gunpowder | 2 | |
| Lumber Harvesting | 1 | |
| Armor | 1 | |
| Flare | 1 | |
| Flak Cannons | 1 | |
7 total
» buildings
| Altar of Kings | 1 | |
| Farm | 12 | |
| Lumber Mill | 1 | |
| Scout Tower | 8 | |
| Arcane Tower | 1 | |
| Arcane Vault | 2 | |
| Guard Tower | 15 | |
| Keep | 4 | |
| Blacksmith | 1 | |
| Workshop | 2 | |
| Castle | 2 | |
| Town Hall | 1 | |
50 total
» build order
00:19 Altar of Kings
00:23 Farm
00:27 Lumber Mill
01:17 Scout Tower
01:47 Arcane Tower
02:13 Arcane Vault
02:31 Farm
02:37 Scout Tower
03:09 Guard Tower
03:22 Scout Tower
04:14 Guard Tower
04:14 Guard Tower
04:16 Scout Tower
04:50 Keep
04:50 Keep
04:50 Keep
05:04 Blacksmith
05:12 Arcane Vault
05:31 Farm
07:13 Workshop
07:17 Workshop
07:24 Farm
07:26 Farm
07:31 Farm
08:10 Farm
08:13 Farm
08:15 Farm
08:53 Farm
08:55 Scout Tower
09:25 Guard Tower
09:25 Guard Tower
09:27 Scout Tower
09:55 Guard Tower
09:55 Guard Tower
09:55 Guard Tower
09:57 Scout Tower
10:24 Guard Tower
10:24 Guard Tower
10:27 Scout Tower
11:14 Guard Tower
11:14 Guard Tower
12:25 Castle
12:26 Castle
13:33 Farm
13:35 Farm
20:30 Town Hall
» items
| Scroll of Regeneration | 2 | |
| Lesser Clarity Potion | 1 | |
| Potion of Healing | 1 | |
| Scroll of Town Portal | 2 | |
6 total
dauqS.KT (
green | 63 APM | 3476 actions | 54:51)
7 Archmage
3 Summon Water Elemental
3 Brilliance Aura
1 Mass Teleport
» actions
| Assign group hotkey | 126 | |
| Basic commands | 88 | |
| Build / train | 221 | |
| ESC pressed | 2 | |
| Enter build submenu | 70 | |
| Enter hero's abilities submenu | 7 | |
| Give item / drop item | 4 | |
| Remove unit from queue | 1 | |
| Right click | 1365 | |
| Select / deselect | 444 | |
| Select group hotkey | 872 | |
| Use ability | 276 | |
3476 total
» units
| Peasant | 20 | |
| Footman | 11 | |
| Goblin Shredder | 3 | |
| Gryphon Rider | 2 | |
| Dragonhawk Rider | 4 | |
| Siege Engine | 1 | |
| Knight | 1 | |
| Rifleman | 2 | |
| Flying Machine | 2 | |
46 total
» upgrades
| Defend | 1 | |
| Masonry | 3 | |
| Swords | 3 | |
| Armor | 3 | |
| Lumber Harvesting | 2 | |
| Storm Hammers | 1 | |
| Animal War Training | 1 | |
| Cloud | 1 | |
| Plating | 3 | |
| Gunpowder | 4 | |
| Fragmentation Shards | 1 | |
| Barrage | 1 | |
| Flak Cannons | 1 | |
| Flare | 1 | |
| Long Rifles | 1 | |
| Flying Machine Bombs | 1 | |
| Backpack | 1 | |
29 total
» buildings
| Altar of Kings | 1 | |
| Barracks | 3 | |
| Farm | 9 | |
| Lumber Mill | 1 | |
| Town Hall | 3 | |
| Scout Tower | 49 | |
| Guard Tower | 94 | |
| Keep | 3 | |
| Blacksmith | 1 | |
| Castle | 3 | |
| Gryphon Aviary | 5 | |
| Arcane Vault | 1 | |
| Workshop | 3 | |
176 total
» build order
00:36 Altar of Kings
00:38 Barracks
00:50 Farm
01:06 Farm
01:47 Farm
02:22 Farm
02:34 Lumber Mill
03:46 Farm
04:38 Town Hall
04:40 Scout Tower
04:41 Scout Tower
04:43 Scout Tower
04:44 Scout Tower
05:14 Guard Tower
05:14 Guard Tower
06:24 Keep
06:25 Keep
06:29 Blacksmith
06:58 Scout Tower
06:59 Scout Tower
07:01 Scout Tower
07:28 Guard Tower
07:28 Guard Tower
07:29 Guard Tower
07:29 Guard Tower
07:29 Guard Tower
07:29 Guard Tower
07:57 Scout Tower
07:59 Scout Tower
08:00 Scout Tower
08:01 Scout Tower
08:01 Scout Tower
08:03 Scout Tower
08:05 Scout Tower
08:08 Scout Tower
08:10 Scout Tower
08:27 Guard Tower
08:56 Guard Tower
09:32 Guard Tower
09:32 Guard Tower
09:33 Guard Tower
09:34 Castle
09:35 Castle
10:11 Town Hall
10:15 Scout Tower
10:15 Scout Tower
10:16 Scout Tower
10:17 Scout Tower
10:18 Scout Tower
10:19 Scout Tower
10:20 Scout Tower
10:21 Scout Tower
10:22 Scout Tower
10:22 Scout Tower
10:24 Scout Tower
10:25 Scout Tower
10:26 Scout Tower
10:28 Scout Tower
10:29 Scout Tower
10:37 Scout Tower
10:48 Guard Tower
10:49 Guard Tower
10:49 Guard Tower
10:57 Gryphon Aviary
11:01 Gryphon Aviary
11:09 Guard Tower
11:09 Guard Tower
11:09 Guard Tower
11:11 Guard Tower
11:11 Guard Tower
11:11 Guard Tower
11:34 Guard Tower
11:35 Guard Tower
11:35 Guard Tower
11:36 Guard Tower
11:36 Guard Tower
11:36 Guard Tower
11:38 Guard Tower
11:38 Guard Tower
11:38 Guard Tower
11:38 Guard Tower
11:39 Guard Tower
12:03 Guard Tower
12:03 Guard Tower
12:04 Guard Tower
12:04 Guard Tower
12:04 Guard Tower
12:06 Scout Tower
12:21 Guard Tower
12:22 Guard Tower
12:22 Guard Tower
12:25 Scout Tower
12:26 Scout Tower
12:28 Scout Tower
12:47 Arcane Vault
13:28 Farm
13:52 Guard Tower
13:52 Guard Tower
13:54 Scout Tower
13:56 Scout Tower
13:58 Scout Tower
14:00 Scout Tower
14:05 Scout Tower
14:09 Scout Tower
14:34 Gryphon Aviary
14:37 Gryphon Aviary
14:39 Gryphon Aviary
14:44 Guard Tower
14:44 Guard Tower
14:44 Guard Tower
14:47 Guard Tower
15:08 Guard Tower
15:08 Guard Tower
16:21 Guard Tower
16:21 Guard Tower
16:21 Guard Tower
16:23 Guard Tower
19:52 Workshop
19:53 Workshop
19:54 Workshop
20:00 Barracks
20:01 Barracks
20:36 Farm
20:43 Farm
20:47 Farm
25:20 Town Hall
25:22 Scout Tower
25:23 Scout Tower
25:24 Scout Tower
25:26 Scout Tower
25:53 Guard Tower
25:53 Guard Tower
25:53 Guard Tower
25:54 Guard Tower
25:59 Guard Tower
26:00 Guard Tower
26:01 Guard Tower
26:01 Guard Tower
27:20 Scout Tower
27:23 Scout Tower
27:28 Scout Tower
28:10 Guard Tower
28:11 Guard Tower
28:11 Guard Tower
28:23 Guard Tower
28:23 Guard Tower
» items
| Scroll of Regeneration | 1 | |
| Scroll of Town Portal | 2 | |
| Ivory Tower | 4 | |
| Potion of Lesser Invulnerability | 1 | |
| Scroll of Protection | 1 | |
| Staff of Sanctuary | 1 | |
| Mechanical Critter | 3 | |
13 total
FamousNOOB (
purple | 44 APM | 1716 actions | 39:24)
6 Priestess of the Moon
1 Scout
1 Searing Arrows
3 Trueshot Aura
1 Starfall
4 Demon Hunter
2 Evasion
1 Immolation
1 Mana Burn
» actions
| Basic commands | 70 | |
| Build / train | 118 | |
| ESC pressed | 25 | |
| Enter build submenu | 22 | |
| Enter hero's abilities submenu | 10 | |
| Give item / drop item | 7 | |
| Remove unit from queue | 6 | |
| Right click | 761 | |
| Select / deselect | 595 | |
| Use ability | 102 | |
1716 total
» units
| Wisp | 54 | |
| Huntress | 8 | |
| Druid of the Claw | 4 | |
| Dryad | 11 | |
77 total
» upgrades
| Strength of the Moon | 1 | |
| Reinforced Hides | 1 | |
| Druid of the Claw Training | 2 | |
| Strength of the Wild | 3 | |
| Abolish Magic | 1 | |
| Mark of the Claw | 1 | |
| Well Spring | 1 | |
10 total
» buildings
| Moon Well | 7 | |
| Altar of Elders | 2 | |
| Ancient of War | 2 | |
| Hunter's Hall | 2 | |
| Tree of Ages | 6 | |
| Tree of Eternity | 2 | |
| Ancient of Lore | 2 | |
| Tree of Life | 6 | |
29 total
» build order
00:21 Moon Well
00:33 Altar of Elders
01:15 Moon Well
01:31 Ancient of War
02:08 Hunter's Hall
02:27 Moon Well
03:07 Tree of Ages
03:07 Tree of Ages
03:07 Tree of Ages
05:29 Tree of Eternity
05:34 Ancient of Lore
05:39 Ancient of Lore
07:38 Moon Well
07:40 Moon Well
11:20 Tree of Life
21:35 Tree of Life
21:39 Tree of Life
24:21 Tree of Ages
27:08 Tree of Eternity
27:36 Tree of Life
27:53 Altar of Elders
28:04 Ancient of War
28:52 Tree of Life
31:39 Tree of Life
32:54 Moon Well
32:57 Moon Well
34:05 Hunter's Hall
» items
| Scroll of Town Portal | 4 | |
| Scroll of Regeneration | 1 | |
5 total
team 2 (winner)

»
GGL.Revive- (
red | 61 APM | 2938 actions | 48:25)
6 Tauren Chieftain
2 War Stomp
3 Endurance Aura
1 Reincarnation
3 Shadow Hunter
2 Healing Wave
1 Hex
» actions
| Assign group hotkey | 74 | |
| Basic commands | 206 | |
| Build / train | 110 | |
| Enter build submenu | 12 | |
| Enter hero's abilities submenu | 9 | |
| Give item / drop item | 4 | |
| Right click | 1297 | |
| Select / deselect | 693 | |
| Select group hotkey | 398 | |
| Use ability | 135 | |
2938 total
» units
| Peon | 13 | |
| Troll Headhunter/Berserker | 32 | |
| Shaman | 11 | |
| Demolisher | 2 | |
| Spirit Walker | 4 | |
62 total
» upgrades
| Ranged Weapons | 1 | |
| Berserker Upgrade | 1 | |
| Witch Doctor Training | 1 | |
| Shaman Training | 2 | |
| Troll Regeneration | 1 | |
| Armor | 2 | |
| Burning Oil | 1 | |
| Spirit Walker Training | 1 | |
10 total
» buildings
| Barracks | 1 | |
| Orc Burrow | 6 | |
| War Mill | 1 | |
| Altar of Storms | 1 | |
| Voodoo Lounge | 1 | |
| Stronghold | 6 | |
| Fortress | 1 | |
| Spirit Lodge | 1 | |
18 total
» build order
00:11 Barracks
00:20 Orc Burrow
00:51 War Mill
01:05 Altar of Storms
01:41 Orc Burrow
02:05 Voodoo Lounge
03:21 Stronghold
03:21 Stronghold
03:22 Stronghold
04:08 Orc Burrow
05:43 Fortress
06:22 Orc Burrow
06:27 Spirit Lodge
06:48 Orc Burrow
08:14 Orc Burrow
» items
| Healing Salve | 5 | |
| Scroll of Speed | 2 | |
| Lesser Clarity Potion | 6 | |
| Scroll of Healing | 1 | |
| Scroll of Town Portal | 2 | |
| Potion of Healing | 1 | |
| Scroll of Regeneration | 1 | |
| Staff of Teleportation | 1 | |
19 total
Farria (
yellow | 38 APM | 2092 actions | 54:51)
4 Demon Hunter
2 Evasion
2 Mana Burn
» actions
| Assign group hotkey | 11 | |
| Basic commands | 2 | |
| Build / train | 103 | |
| Enter build submenu | 32 | |
| Enter hero's abilities submenu | 4 | |
| Give item / drop item | 7 | |
| Remove unit from queue | 1 | |
| Right click | 1213 | |
| Select / deselect | 516 | |
| Select group hotkey | 85 | |
| Use ability | 118 | |
2092 total
» units
| Wisp | 41 | |
| Archer | 1 | |
| Huntress | 1 | |
| Druid of the Talon | 1 | |
| Chimaera | 10 | |
| Hippogryph | 14 | |
68 total
» upgrades
| Druid of the Talon Training | 0 | |
| Strength of the Wild | 3 | |
| Reinforced Hides | 1 | |
| Corrosive Breath | 1 | |
5 total
» buildings
| Altar of Elders | 1 | |
| Moon Well | 8 | |
| Ancient of War | 2 | |
| Tree of Ages | 6 | |
| Hunter's Hall | 1 | |
| Tree of Eternity | 3 | |
| Ancient of Wind | 2 | |
| Tree of Life | 3 | |
| Chimaera Roost | 3 | |
| Ancient of Wonders | 2 | |
| Ancient Protector | 5 | |
36 total
» build order
00:07 Altar of Elders
00:11 Moon Well
01:02 Ancient of War
02:01 Moon Well
02:23 Tree of Ages
02:24 Tree of Ages
02:24 Tree of Ages
02:24 Tree of Ages
03:05 Hunter's Hall
04:21 Ancient of War
04:51 Tree of Eternity
04:52 Tree of Eternity
04:55 Ancient of Wind
05:29 Tree of Life
06:03 Moon Well
07:57 Chimaera Roost
08:29 Chimaera Roost
09:26 Ancient of Wonders
09:37 Moon Well
09:40 Ancient Protector
09:44 Ancient Protector
09:48 Ancient Protector
09:55 Ancient Protector
10:44 Ancient Protector
10:52 Chimaera Roost
12:58 Moon Well
13:09 Moon Well
13:50 Moon Well
13:54 Tree of Life
14:10 Moon Well
14:53 Ancient of Wind
15:54 Ancient of Wonders
21:26 Tree of Life
» items
| Boots of Speed | 1 | |
| Circlet of Nobility | 1 | |
| Orb of Venom | 1 | |
| Orb of Lightning | 1 | |
4 total
ScumBeard (
orange | 47 APM | 2560 actions | 54:51)
10 Archmage
3 Summon Water Elemental
3 Brilliance Aura
1 Mass Teleport
3 Blizzard
1 Mountain King
1 Storm Bolt
» actions
| Assign group hotkey | 186 | |
| Basic commands | 258 | |
| Build / train | 117 | |
| Enter build submenu | 56 | |
| Enter hero's abilities submenu | 12 | |
| Give item / drop item | 5 | |
| Remove unit from queue | 1 | |
| Right click | 862 | |
| Select / deselect | 431 | |
| Select group hotkey | 446 | |
| Use ability | 186 | |
2560 total
» units
| Peasant | 21 | |
| Footman | 6 | |
| Goblin Shredder | 1 | |
| Gryphon Rider | 10 | |
| Siege Engine | 2 | |
| Goblin Sapper | 1 | |
41 total
» upgrades
| Masonry | 3 | |
| Storm Hammers | 1 | |
| Swords | 3 | |
| Armor | 3 | |
| Animal War Training | 1 | |
| Cloud | 1 | |
| Gunpowder | 3 | |
| Plating | 4 | |
| Barrage | 1 | |
| Fragmentation Shards | 1 | |
| Flare | 1 | |
22 total
» buildings
| Altar of Kings | 1 | |
| Barracks | 1 | |
| Farm | 13 | |
| Arcane Vault | 2 | |
| Lumber Mill | 2 | |
| Keep | 1 | |
| Town Hall | 2 | |
| Scout Tower | 31 | |
| Guard Tower | 5 | |
| Castle | 1 | |
| Gryphon Aviary | 4 | |
| Blacksmith | 2 | |
| Workshop | 4 | |
69 total
» build order
00:36 Altar of Kings
00:38 Barracks
00:51 Farm
00:53 Farm
01:05 Farm
01:37 Farm
03:10 Arcane Vault
03:20 Lumber Mill
04:02 Keep
05:32 Town Hall
05:35 Scout Tower
05:36 Scout Tower
05:37 Scout Tower
05:38 Scout Tower
05:54 Scout Tower
05:54 Scout Tower
05:55 Scout Tower
06:00 Scout Tower
06:02 Scout Tower
07:07 Guard Tower
07:41 Arcane Vault
08:16 Castle
09:03 Guard Tower
09:30 Gryphon Aviary
09:30 Gryphon Aviary
09:30 Gryphon Aviary
09:39 Gryphon Aviary
09:54 Blacksmith
10:01 Blacksmith
10:22 Farm
16:04 Scout Tower
16:04 Scout Tower
16:05 Scout Tower
16:05 Scout Tower
16:56 Guard Tower
16:58 Workshop
16:59 Workshop
16:59 Workshop
17:00 Workshop
17:32 Farm
17:34 Farm
17:41 Farm
17:42 Farm
17:44 Farm
19:57 Scout Tower
19:58 Scout Tower
19:58 Scout Tower
19:59 Scout Tower
20:00 Scout Tower
20:00 Scout Tower
20:00 Scout Tower
20:00 Scout Tower
20:01 Scout Tower
20:01 Scout Tower
20:01 Scout Tower
20:02 Scout Tower
20:02 Scout Tower
20:05 Scout Tower
20:06 Scout Tower
20:06 Scout Tower
20:06 Scout Tower
20:44 Guard Tower
21:55 Guard Tower
29:21 Town Hall
29:22 Farm
29:23 Farm
29:27 Lumber Mill
» items
| Scroll of Regeneration | 4 | |
| Lesser Clarity Potion | 2 | |
| Mechanical Critter | 10 | |
| Scroll of Town Portal | 7 | |
| Potion of Healing | 3 | |
| Scroll of Healing | 1 | |
| Periapt of Vitality | 2 | |
| Potion of Mana | 1 | |
| Boots of Speed | 1 | |
| Staff of Teleportation | 1 | |
| Potion of Lesser Invulnerability | 1 | |
33 total
BRADY-4TH-RING. (
teal | 52 APM | 2833 actions | 54:53)
7 Paladin
3 Holy Light
3 Divine Shield
1 Resurrection
» actions
| Assign group hotkey | 97 | |
| Basic commands | 99 | |
| Build / train | 101 | |
| Enter build submenu | 25 | |
| Enter hero's abilities submenu | 7 | |
| Give item / drop item | 4 | |
| Remove unit from queue | 1 | |
| Right click | 1113 | |
| Select / deselect | 358 | |
| Select group hotkey | 922 | |
| Use ability | 106 | |
2833 total
» units
| Peasant | 25 | |
| Footman | 4 | |
| Gryphon Rider | 8 | |
| Siege Engine | 4 | |
| Goblin Sapper | 5 | |
46 total
» upgrades
| Masonry | 3 | |
| Lumber Harvesting | 2 | |
| Swords | 2 | |
| Armor | 2 | |
| Storm Hammers | 1 | |
| Animal War Training | 1 | |
| Gunpowder | 1 | |
| Barrage | 1 | |
| Plating | 1 | |
14 total
» buildings
| Altar of Kings | 1 | |
| Barracks | 1 | |
| Farm | 11 | |
| Lumber Mill | 1 | |
| Town Hall | 3 | |
| Scout Tower | 23 | |
| Guard Tower | 18 | |
| Keep | 1 | |
| Arcane Vault | 1 | |
| Blacksmith | 1 | |
| Castle | 1 | |
| Gryphon Aviary | 3 | |
| Workshop | 3 | |
68 total
» build order
00:06 Altar of Kings
00:21 Barracks
00:35 Farm
00:50 Farm
01:28 Farm
01:38 Lumber Mill
02:47 Farm
03:50 Town Hall
03:52 Scout Tower
03:53 Scout Tower
04:29 Guard Tower
04:38 Keep
05:14 Scout Tower
05:14 Scout Tower
05:15 Scout Tower
05:23 Scout Tower
05:48 Guard Tower
05:51 Guard Tower
05:51 Guard Tower
05:57 Arcane Vault
06:18 Blacksmith
07:16 Castle
08:25 Guard Tower
08:28 Guard Tower
08:40 Gryphon Aviary
09:42 Gryphon Aviary
09:45 Gryphon Aviary
10:30 Scout Tower
10:30 Scout Tower
10:31 Scout Tower
10:32 Scout Tower
10:33 Scout Tower
10:33 Scout Tower
11:09 Guard Tower
11:09 Guard Tower
11:15 Guard Tower
11:45 Guard Tower
12:32 Guard Tower
12:46 Farm
12:47 Farm
12:47 Farm
12:47 Farm
14:06 Farm
14:06 Farm
14:06 Farm
15:53 Workshop
15:55 Workshop
17:09 Scout Tower
17:09 Scout Tower
17:10 Scout Tower
17:10 Scout Tower
17:11 Scout Tower
17:11 Scout Tower
17:12 Scout Tower
17:59 Guard Tower
18:46 Guard Tower
19:07 Guard Tower
19:50 Town Hall
20:13 Scout Tower
20:14 Scout Tower
20:49 Guard Tower
23:22 Guard Tower
27:11 Workshop
31:31 Town Hall
» items
| Staff of Teleportation | 1 | |
| Scroll of Regeneration | 2 | |
| Lesser Clarity Potion | 1 | |
| Ivory Tower | 4 | |
| Scroll of Town Portal | 2 | |
| Potion of Lesser Invulnerability | 1 | |
| Boots of Speed | 1 | |
12 total
Chat log
(00:04 / All) dauqS.KT: real ggl?
(00:13 / All) BRADY-4TH-RING.: oh shit fiere of clan glg is back
(00:21 / Allies) GGL.Revive-: yup
(00:22 / All) ScumBeard: I remember when I started playing this I'd get every building and make every kind of unit
(00:26 / All) ScumBeard: never set rallies
(00:43 / All) BRADY-4TH-RING.: i sure do LOVE these creeps on this map
(00:47 / All) ScumBeard: those were the goodle days
(02:15 / Allies) Farria: chim here
(03:55 / Allies) Farria: HELP MOTHER FUCKERS
(06:54 / Allies) GGL.Revive-: u creep
(06:57 / Allies) ScumBeard: goofed
(07:09 / Allies) ScumBeard: lumber
(08:10 / Allies) BRADY-4TH-RING.: wood
(11:58 / All) Farria: TP NOW
(12:03 / Allies) Farria: YOU FUCK TP
(12:20 / Allies) Farria: retarded mother fuckers
(12:30 / Allies) Farria: i pinged my base
(12:32 / Allies) Farria: for fucking 10 minutes
(12:39 / Allies) Farria: what the royal fuck are you guys on
(12:45 / Allies) Farria: fucking waste of cum
(12:49 / All) BRADY-4TH-RING.: LOL
(12:58 / Allies) GGL.Revive-: idiot teal with 3 k gold
(14:28 / Allies) Farria: teal gold me
(14:34 / Allies) Farria: oj gold me
(14:36 / Allies) BRADY-4TH-RING.: how much
(14:42 / Allies) Farria: i have 200 g
(14:47 / Allies) ScumBeard: blue is mass choppers
(15:16 / Allies) Farria: GOLD ME GUYS
(15:17 / All) Farria: FFS
(15:25 / Allies) Farria: im making hips
(15:58 / All) Farria: OJ GOLD ME
(15:59 / Allies) Farria: 5k
(16:00 / Allies) Farria: wtf
(16:01 / Allies) Farria: wtf
(16:40 / Allies) ScumBeard: b
(16:46 / Allies) Farria: GOLD ME FOR AA
(17:30 / All) BRADY-4TH-RING.: we got this shit
(17:49 / Allies) Farria: seriously
(17:52 / Allies) Farria: its gg
(17:55 / Allies) ScumBeard: I'm making tanks you fucking faggot
(17:56 / Allies) ScumBeard: shut up
(17:58 / Allies) Farria: if you dont gold me
(18:04 / Allies) ScumBeard: why so you can get hippos you retard?
(18:07 / Allies) Farria: tanks ???
(18:10 / Allies) Farria: FUCK you They have morts
(18:20 / Allies) Farria: fucking genious
(18:29 / Allies) ScumBeard: their gyros instat kill my birds faggot
(18:32 / Allies) GGL.Revive-: oj 5 k gold....
(18:42 / Allies) Farria: teal has had 4-5
(18:51 / Allies) Farria: let my base die
(19:01 / Allies) GGL.Revive-: help yellow now
(19:17 / Allies) GGL.Revive-: TEAL
(19:17 / Allies) Farria: teal and oj are fucking fags
(19:21 / All) BRADY-4TH-RING.: LOL
(19:36 / All) BRADY-4TH-RING.: kodo #1
(20:16 / Allies) ScumBeard: fight at teals
(20:18 / Allies) GGL.Revive-: yellow back
(20:20 / Allies) GGL.Revive-: teal base
(20:40 / Allies) ScumBeard: lumber
(20:42 / Allies) Farria: mass tanks wont work you fucktards
(20:55 / Allies) ScumBeard: hippos against mass gyros and dhawks?
(20:57 / Allies) Farria: build knights too
(21:04 / All) ScumBeard: WE NEED HIPPOS
(21:10 / Allies) BRADY-4TH-RING.: tp?
(21:13 / All) ScumBeard: THEY GOT MORTS!
(21:17 / Allies) ScumBeard: yes
(21:43 / Allies) Farria: militia
(21:49 / Allies) BRADY-4TH-RING.: MORTARS
(22:29 / Allies) Farria: complete fucktards
(22:30 / Allies) Farria: lol
(22:55 / Allies) Farria: good job, but hey
(22:58 / Allies) Farria: they still have 4 bases
(22:58 / All) BRADY-4TH-RING.: #1
(23:00 / Allies) Farria: so maybe not
(23:01 / Allies) Farria: faggots
(23:06 / Allies) ScumBeard: Not they don't retard
(23:07 / All) boringgame: how u losjg badlky lol
(23:08 / Allies) ScumBeard: they have 1
(23:12 / All) BRADY-4TH-RING.: they have ONE BAS ELOL
(23:17 / Allies) Farria: they rebuilt you fucking idiot
(23:20 / All) boringgame: SINCE WHEN?
(23:23 / Allies) ScumBeard: WOW
(23:27 / All) boringgame: we have 4 bases u lost 2
(23:45 / All) boringgame: notice hoiw wee targeted your 2 allies units 1st and not u, they cant remake them
(23:47 / All) Farria: oj and teal apparently believe that since you kill the main you kill the entire base
(23:48 / Allies) BRADY-4TH-RING.: blue chased me to tanks lol
(23:57 / All) boringgame: LOL
(23:58 / All) Farria: complete fucking idiots
(24:02 / All) Farria: waste of fucking food
(24:03 / All) BRADY-4TH-RING.: this game is hilarious
(24:05 / All) Farria: waste of fucking water
(24:10 / All) Farria: better of fucking 6 ft under
(24:18 / All) Farria: dont waste our resources
(24:32 / Allies) BRADY-4TH-RING.: je;[ tjat
(24:34 / Allies) BRADY-4TH-RING.: help that oj?
(24:36 / Allies) BRADY-4TH-RING.: i tp too?
(25:42 / All) boringgame: u know gold has no vcalue to us
(25:47 / All) boringgame: green has 12k for the team haha
(25:52 / All) BRADY-4TH-RING.: i have 8k
(25:53 / All) boringgame: no joke
(25:55 / All) BRADY-4TH-RING.: oj has 10k
(26:04 / All) boringgame: nah oj has 3k
(26:10 / All) boringgame: u have 8k tho
(26:11 / All) BRADY-4TH-RING.: lol
(26:13 / All) BRADY-4TH-RING.: hacker
(26:22 / Allies) BRADY-4TH-RING.: cant risk it
(26:23 / Allies) BRADY-4TH-RING.: red
(26:29 / All) dauqS.KT: Red
(26:31 / All) dauqS.KT: Are you real GGL?
(26:45 / All) dauqS.KT: yeah he sucks too bad
(27:15 / All) dauqS.KT: yeah but still not as bad as he is
(27:23 / Allies) GGL.Revive-: give me gold oj
(27:26 / Allies) GGL.Revive-: 500
(28:05 / Allies) GGL.Revive-: teal give me gold
(28:07 / Allies) GGL.Revive-: 500
(28:16 / Allies) BRADY-4TH-RING.: for hero?
(28:26 / Allies) GGL.Revive-: poution
(28:32 / Allies) ScumBeard: tp faggots
(28:47 / Allies) ScumBeard: let's go jake
(29:41 / All) FamousNOOB: fucking dumb green watching
(29:42 / All) BRADY-4TH-RING.: wow
(29:49 / All) dauqS.KT: I'm fighting
(29:50 / All) dauqS.KT: wtf
(30:10 / All) Farria: good job fucktards
(30:13 / Allies) Farria: see your doing well
(30:15 / Allies) Farria: lol
(30:19 / Allies) ScumBeard: Just leave retard
(30:26 / Allies) Farria: naw bro
(30:30 / Allies) Farria: i stick it out
(30:32 / Allies) Farria: lol
(31:02 / All) FamousNOOB: my starfall fucked all of your birds
(31:05 / Allies) Farria: lol wtf is teal doing
(31:07 / All) FamousNOOB: LOL
(31:16 / Allies) Farria: complete waste of fucking life
(31:30 / All) FamousNOOB: no pally
(31:33 / All) FamousNOOB: noob on my own
(31:40 / Allies) ScumBeard: go jake
(32:31 / Allies) Farria: lol
(32:39 / Allies) Farria: teal is fucking mentally retarded
(32:41 / Allies) Farria: this is hilarious
(33:27 / All) boringgame: its dumb how your guy is on a horse but we are samne speed
(33:37 / Allies) BRADY-4TH-RING.: fall back
(33:38 / Allies) BRADY-4TH-RING.: a bit
(33:40 / Allies) BRADY-4TH-RING.: gotta get tp
(33:42 / All) boringgame: who designed that part
(33:54 / All) Farria: lol oj fucking maphacks
(33:56 / All) ScumBeard: lawl
(33:57 / All) Farria: bullshit oj
(34:01 / All) ScumBeard: everyone maphacks
(34:04 / All) BRADY-4TH-RING.: so does blue lol
(34:04 / All) boringgame: every1 mh's?
(34:05 / All) boringgame: ya
(34:05 / All) ScumBeard: Get out of here newbie
(34:09 / All) boringgame: most ppl do
(34:14 / All) boringgame: red does 2
(34:17 / All) Farria: fuck you tard
(34:24 / All) Farria: play the normal game
(34:27 / All) BRADY-4TH-RING.: this game was nuts i got retard allies
(34:28 / All) boringgame: 80% of ppl usually do
(34:29 / All) Farria: why the fuck do you have to mh
(34:34 / All) boringgame: its boiring with no mh
(34:39 / All) Farria: you have 5k entire game asswipe
(34:39 / All) boringgame: without mh i wouldnt even play
(34:47 / All) Farria: after i repeatedly asked you to fucking gold me
(35:24 / Allies) GGL.Revive-: kill am
(37:42 / All) dauqS.KT: lawl
(37:45 / All) dauqS.KT: he left to load up another game
(38:15 / All) BRADY-4TH-RING.: fucking unbelievable game
(38:16 / All) BRADY-4TH-RING.: retard allies
(38:44 / All) dauqS.KT: OK everyone
(38:45 / All) dauqS.KT: Listen up
(38:57 / All) dauqS.KT: Teal, orange and I are in this together, we are going to give you all equal chances of winning
(39:02 / All) dauqS.KT: We are going to kill every unit, including our own
(39:05 / All) dauqS.KT: and all means of making units
(39:08 / All) dauqS.KT: Then leaving the game
(39:10 / All) dauqS.KT: The best internet will win
(39:12 / All) dauqS.KT: sound fair?
(39:17 / All) BRADY-4TH-RING.: sounds fair yes
(39:22 / All) BRADY-4TH-RING.: cuz it is fair
(41:09 / All) BRADY-4TH-RING.: kodo #1
(41:27 / All) ScumBeard: Let's just give blue the win
(41:32 / All) dauqS.KT: k
(41:33 / All) BRADY-4TH-RING.: i concur
(42:00 / All) BRADY-4TH-RING.: yellow was an arrogant bastard for calling me mentally retarded
(42:07 / All) ScumBeard: ;p;
(42:08 / All) ScumBeard: lol
(42:11 / All) BRADY-4TH-RING.: asshole
(42:17 / All) BRADY-4TH-RING.: i took his shit with a grain of salt
(42:20 / All) ScumBeard: yellow was a special case
(42:25 / All) ScumBeard: He wanted us to give him gold for aa
(42:27 / All) Farria: suck my fat cock
(42:29 / All) BRADY-4TH-RING.: LOL
(42:29 / All) ScumBeard: meaning hippos
(42:33 / All) ScumBeard: against gyro and dhawks
(42:37 / All) BRADY-4TH-RING.: "farria" the hell kind of name is that
(42:39 / All) ScumBeard: and said tanks was not a good idea
(42:47 / All) BRADY-4TH-RING.: sounds like some stupid shit my sister would make up
(42:53 / All) BRADY-4TH-RING.: u are not my sister yellow
(42:55 / All) BRADY-4TH-RING.: not even close
(43:00 / All) ScumBeard: without tanks gyros would have shredded us all
(43:00 / All) dauqS.KT: Farria is the name of a 218-233 player
(43:01 / All) Farria: no but i fuck her
(43:09 / All) BRADY-4TH-RING.: wuts her name then
(43:14 / All) BRADY-4TH-RING.: and her favorite hobbies
(43:20 / All) Farria: her mouth is too busy taking my dick
(43:25 / All) Farria: never got to that point
(43:25 / All) ScumBeard: Her name is Beth
(43:30 / All) ScumBeard: And she likes to read romance novels
(43:33 / All) Farria: clearly sucking my dick is the way she takes my load
(43:35 / All) boringgame: Her names Steve
(43:55 / All) BRADY-4TH-RING.: is that the only thing u can say, that u 2 are romantically involved?
(43:59 / All) BRADY-4TH-RING.: she would laugh at that
(44:10 / All) BRADY-4TH-RING.: perhaps i should call her and have her get on teamspeak
(44:45 / All) BRADY-4TH-RING.: im gonna rewatch replay and see if yellow really was afk
(44:49 / All) BRADY-4TH-RING.: but u a dime he wasnt
(45:03 / All) ScumBeard: no need
(45:04 / All) BRADY-4TH-RING.: bet u he was selecting my pro paladin use all game
(45:06 / All) ScumBeard: we all know he wasn't
(45:34 / All) ScumBeard: I get mk every game now
(45:35 / All) BRADY-4TH-RING.: love tap time
(45:40 / All) BRADY-4TH-RING.: cuz of starfall?
(45:41 / All) ScumBeard: Bolt is just too crucial in a lot of situations
(46:25 / All) BRADY-4TH-RING.: i ssay we tk farria everytime we see him
(47:15 / All) BRADY-4TH-RING.: blue this game turned when ur copters chased me to die to tanks
(47:22 / All) ScumBeard: Level 10 am, level 1 mk lol
(48:08 / All) GGL.Revive-: omg still playng
(48:12 / All) BRADY-4TH-RING.: lawl
(48:16 / All) BRADY-4TH-RING.: red are ufierce
(48:28 / All) BRADY-4TH-RING.: or that arrogant bastard denali
(48:29 / All) boringgame: no he isn't
(48:36 / All) BRADY-4TH-RING.: who are u blue
(48:46 / All) boringgame: what u mean
(48:50 / All) boringgame: i make new acct all day long
(48:55 / All) ScumBeard: anything to say for yourself yellow?
(48:58 / All) boringgame: this is like my 50th one this weekend
(48:59 / All) BRADY-4TH-RING.: get to the mustang guy?
(49:00 / All) boringgame: haha
(49:03 / All) boringgame: nah
(49:06 / All) boringgame: seen that guy a lot tho
(49:09 / All) BRADY-4TH-RING.: WIsh i knew who he was
(49:19 / All) boringgame: umm his main
(49:21 / All) BRADY-4TH-RING.: yes
(49:23 / All) boringgame: was something fagg0t
(49:25 / All) boringgame: io nforgot
(49:26 / All) ScumBeard: I play better without maphack
(49:30 / All) boringgame: i used to know
(49:33 / All) boringgame: he was in clan puff
(49:35 / All) ScumBeard: except when I get surprised raped
(49:42 / All) boringgame: it's come to me later on prob
(49:43 / All) dauqS.KT: You'll get used to it
(49:44 / All) ScumBeard: I have great map control and awareness
(49:47 / All) boringgame: i squelched him
(49:51 / All) BRADY-4TH-RING.: i love fog of war keeps me on edge
(49:55 / All) boringgame: when he tked me and pout a bot in every channel
(49:58 / All) boringgame: and saw his main log on
(50:09 / All) boringgame: he was like rank 3 in rt
(50:11 / All) BRADY-4TH-RING.: 1
(50:13 / All) BRADY-4TH-RING.: is he
(50:14 / All) ScumBeard: I gave yellow control
(50:16 / All) BRADY-4TH-RING.: wuts his name
(50:17 / All) ScumBeard: Let's see what he does
(50:21 / All) BRADY-4TH-RING.: i forgot that guy who hacked in puff
(50:27 / All) BRADY-4TH-RING.: had crypt lord icon
(50:30 / All) boringgame: trhe chief hacked
(50:36 / All) boringgame: i forgot his name too though
(50:45 / All) BRADY-4TH-RING.: u cool with kodos forsaken?
(50:46 / All) dauqS.KT: I gave blue control
(50:49 / All) boringgame: seen him fog click a lot few years ago b4 he knew what a fog click was
(51:02 / All) boringgame: than he changed to closet hacker haha
(51:08 / All) boringgame: cant remember his name either tho
(51:11 / All) boringgame: whats chiefs name?
(51:22 / All) BRADY-4TH-RING.: cant say i forgot too
(51:30 / All) BRADY-4TH-RING.: u should have seen yellows chat he was steaming up
(51:32 / All) BRADY-4TH-RING.: i know he is afk
(51:38 / All) BRADY-4TH-RING.: here i mena
(51:51 / All) BRADY-4TH-RING.: lol
(51:53 / All) ScumBeard: go ahead yellow
(51:53 / All) BRADY-4TH-RING.: he has last
(51:55 / All) boringgame: he always rages. i raped him abusing my mh in solo and made him real mad a couple of times
(51:57 / All) ScumBeard: give in to the dark side
(52:03 / All) boringgame: solo tours
(52:10 / All) ScumBeard: Yellow is here
(52:14 / All) BRADY-4TH-RING.: yellow is slecting tower
(52:19 / All) boringgame: lol
(52:20 / All) BRADY-4TH-RING.: sick puppy
(52:22 / All) ScumBeard: He used it to attack the griff a little bit
(52:25 / All) BRADY-4TH-RING.: we can see u yellow
(52:29 / All) dauqS.KT: Farria we know you are here
(52:31 / All) dauqS.KT: Talk to us
(52:53 / All) ScumBeard: He doesn't want to attack the tower
(52:58 / All) ScumBeard: with 1 hp
(53:05 / All) BRADY-4TH-RING.: he is considering another insult jab
(53:13 / All) boringgame: lol just looked at it
(53:14 / All) boringgame: 1 hp
(53:17 / All) ScumBeard: RUN PIG
(53:23 / All) ScumBeard: HEY PIG
(53:24 / All) dauqS.KT: WE EAT BACON AT THIS OUTPOST!
(53:25 / All) BRADY-4TH-RING.: were u around when the farm hack came baout
(53:40 / All) ScumBeard: I wish hacks like those were still around
(53:41 / All) boringgame: what the one when you couldnt kill the building made by bendiks?
(53:47 / All) ScumBeard: Blizzard used to ban those quick back in teh day
(53:52 / All) ScumBeard: but now they'd never get patched or banned
(54:02 / All) dauqS.KT: The invulnerable phoenix hack was funny
(54:04 / All) boringgame: invincible building hack?
(54:07 / All) dauqS.KT: I'd have gotten lots of use out of it
(54:11 / All) ScumBeard: Yeah
(54:15 / All) BRADY-4TH-RING.: http://classic.battle.net/war3/ladder/w3xp-player-profile.aspx?Gateway=Azeroth&PlayerName=KinDBuD-Puff
(54:18 / All) BRADY-4TH-RING.: kindbud
(54:24 / All) boringgame: ahh yeah thats him
(54:34 / All) boringgame: i had a replay of him fog cliocking somewhere
(54:50 / All) boringgame: prob deleted it fuk knows